 Dungeon Crawl Stone Soup version 0.23.0 (webtiles) character file.

Game seed: 1748752595650253834

5766 Laan the Cleaver (level 10, -14/94 HPs)
             Began as a Deep Dwarf Fighter on Feb 14, 2019.
             Was a Follower of Makhleb.
             Demolished by a two-headed ogre
             ... wielding a +0 giant club
              (20 damage)
             ... on level 8 of the Dungeon.
             The game lasted 00:17:45 (5126 turns).

Laan the Cleaver (Deep Dwarf Fighter)               Turns: 5126, Time: 00:17:45

Health: -14/94     AC: 15    Str: 23    XL:     10   Next: 49%
Magic:  6/6        EV: 10    Int: 11    God:    Makhleb [*.....]
Gold:   496        SH: 12    Dex: 18    Spells: 9/9 levels left

rFire    . . .     SeeInvis .   a - +0 war axe
rCold    . . .     Gourm    .   c - +0 shield
rNeg     . . .     Faith    .   A - +3 chain mail of Magic {Regen+ Stlth+}
rPois    .         Spirit   .   (helmet restricted)
rElec    .         Reflect  .   i - +0 cloak
rCorr    .         Harm     .   (no gloves)
MR       +....                  (no boots)
Stlth    ..........             (no amulet)
HPRegen  0.00/turn              F - +6 ring of dexterity
MPRegen  0.10/turn              y - +3 ring of evasion

@: non-regenerating
A: damage resistance, heal wounds, horns 1, clever 1, sense surroundings 2, no
regeneration
a: Heal Wounds, Renounce Religion


You were on level 8 of the Dungeon.
You worshipped Makhleb.
Makhleb was aware of your devotion.
You were not hungry.

You visited 1 branch of the dungeon, and saw 8 of its levels.
You visited the Abyss 1 time.

You collected 496 gold pieces.

Inventory:

Hand Weapons
 a - a +0 war axe (weapon)
Missiles
 q - 3 javelins of returning (quivered)
 r - 4 javelins
Armour
 c - a +0 shield (worn)
 i - a +0 cloak (worn)
 A - the +3 chain mail of Magic (worn) {Regen+ Stlth+}
   (You found it on level 6 of the Dungeon)

   It increases your rate of regeneration.
   It makes you more stealthy.
 L - a +2 helmet
Jewellery
 d - a +3 ring of strength {unknown}
 y - a +3 ring of evasion (right hand)
 B - an uncursed ring of see invisible
 F - a +6 ring of dexterity (left hand)
 G - a +3 ring of intelligence
Wands
 o - a wand of flame (10)
 C - a wand of iceblast (7)
 M - a wand of enslavement (9)
Scrolls
 j - 3 scrolls of blinking {unknown}
 l - a scroll of fog {unknown}
 n - 2 scrolls of random uselessness {unknown}
 p - 7 scrolls of identify
 s - 2 scrolls of magic mapping {unknown}
 u - 3 scrolls of fear {unknown}
 v - 4 scrolls of remove curse {unknown}
 w - 5 scrolls of immolation {unknown}
 x - 4 scrolls of teleportation {unknown}
 z - a scroll of noise {unknown}
 H - a scroll of torment {unknown}
 J - a scroll of enchant weapon {unknown}
Potions
 e - a potion of degeneration {unknown}
 g - a potion of ambrosia {unknown}
 h - 3 potions of lignification
 k - a potion of haste {unknown}
 m - a potion of heal wounds {unknown}
 t - 3 potions of curing
 D - 4 potions of mutation
 E - a potion of berserk rage {unknown}
 K - a potion of agility {unknown}
Comestibles
 b - 2 chunks of flesh
 f - 9 rations


   Skills:
 + Level 7.0 Fighting
 * Level 11.0 Axes
 + Level 8.5 Armour
 + Level 8.4 Shields
 + Level 0.9 Evocations


You had 9 spell levels left.
You didn't know any spells.
Your spell library contained the following spells:

 Spells                   Type           Power        Failure   Level  Hunger
 Confusing Touch          Hex            #.....       99%         1    ##.....
 Confuse                  Hex            #.......     100%        3    ####...
 Gell's Gravitas          Tloc           #.........   100%        3    ####...
 Petrify                  Tmut/Erth      #.......     100%        4    #####..
 Metabolic Englaciation   Hex/Ice        #.........   100%        5    ######.
 Yara's Violent Unravell  Hex/Tmut       #.........   100%        5    ######.


Dungeon Overview and Level Annotations

Branches:
Dungeon (8/15)             Temple (0/1) D:6
   Lair: D:8-11

Altars:
Ashenzari
Cheibriados
Fedhas
Makhleb
Okawaru
Qazlal
Vehumet
The Shining One
Beogh

Annotations:
D:3 2 transporters, ciphuk's ghost, amateur OpBe


Innate Abilities, Weirdness & Mutations

You are resistant to damage.
You can heal yourself by infusing magical energy.
You passively map the area around you.
You do not regenerate.
You have a pair of small horns on your head.
Your mind is acute. (Int +2)


Message History

You hit the two-headed ogre. You headbutt the two-headed ogre.
The two-headed ogre is heavily wounded.
A jackal comes into view.
The jackal barks!
You hit the two-headed ogre.
The two-headed ogre is heavily wounded.
You barely miss the orc.
You hear an angry hiss.
A jackal comes into view.
The two-headed ogre hits you with a +0 giant club!
* * * LOW HITPOINT WARNING * * *
The jackal barks!
The two-headed ogre hits you with a +0 giant club!
* * * LOW HITPOINT WARNING * * *
The orc hits you but does no damage.
You hit the two-headed ogre.
The two-headed ogre is heavily wounded.
Your chain mail of Magic prevents you from hitting the orc.
The two-headed ogre hits you with a +0 giant club!!
You die...

, ,, , , , ≈ ,, * #..
.♣♣♣♣ ,, , , , * * ,
*#.##.#..♣ *≈, , ,
#h....... * * , , , ,,
#h......., * 8, ,,
*#>....... ,,, * *
#........ * ** , *
#†O......, ,
#####+++########@o...#* ,
, * ..........)..........#
,, ,
.......(................
........................,,
,
.##.(...................,
, .##.(......######.......
#######....# ##.###. ,
#....# * .# ** #...## * #
*


You could see a two-headed ogre, an orc and 2 jackals.

Vanquished Creatures
  4 centaur zombies (D:7)
  A centaur skeleton (D:7)
  2 hellwings (D:7)
  A meliai zombie (D:7)
  Sigmund (D:2)
  3 ice beasts (D:7)
  4 orc warriors
  2 phantoms
  2 sky beasts (D:5)
  3 ogres
  5 centaurs
  Blork the orc (D:4)
  A bullfrog (D:6)
  A wyvern skeleton (D:6)
  3 scorpions
  3 wights (D:6)
  A crimson imp (D:6)
  2 jellies
  Crazy Yiuf (D:2)
  2 hounds
  9 orc wizards
  3 bullfrog skeletons
  4 orc priests
  Jessica (D:2)
  6 worker ants
  3 iguanas
  4 hound skeletons
  10 adders
  6 gnolls
  A howler monkey skeleton (D:5)
  3 shadow imps (D:7)
  3 oozes
  2 adder skeletons (D:4)
  A worm (D:3)
  2 dart slugs
  4 leopard geckos
  22 orcs
  6 bats
  5 giant cockroaches
  6 goblins
  10 hobgoblins
  9 jackals
  8 quokkas
  7 frilled lizards
  3 jackal skeletons
  8 kobolds
  A leopard gecko zombie (D:5)
  5 rats
195 creatures vanquished.

Vanquished Creatures (others)
  6 plants (D:3)
6 creatures vanquished.

Grand Total: 201 creatures vanquished

Notes
Turn   | Place    | Note
-------+----------+-------------------------------------------
     0 | D:1      | Laan the Deep Dwarf Fighter began the quest for the Orb.
     0 | D:1      | Reached XP level 1. HP: 20/20 MP: 1/1
    23 | D:1      | Reached XP level 2. HP: 25/27 MP: 2/2
   400 | D:1      | Reached skill level 3 in Axes
   442 | D:1      | Reached XP level 3. HP: 30/33 MP: 3/3
   546 | D:2      | Noticed Jessica
   584 | D:2      | Killed Jessica
   626 | D:2      | Found a glowing golden altar of the Shining One.
   634 | D:2      | Reached XP level 4. HP: 31/42 MP: 4/4
  1014 | D:2      | Noticed Sigmund
  1032 | D:2      | Killed Sigmund
  1032 | D:2      | Reached skill level 4 in Axes
  1032 | D:2      | Reached XP level 5. HP: 31/49 MP: 5/5
  1032 | D:2      | Reached XP level 6. HP: 35/56 MP: 6/6
  1473 | D:2      | Found a runed translucent door.
  1474 | D:2      | Noticed Crazy Yiuf
  1483 | D:2      | Killed Crazy Yiuf
  1701 | D:3      | Found a transporter.
  1710 | D:3      | Identified the +11 trident of Terra Nullius {chaos, *Drain
                  | rPois Int+7 Dex-5}
  1710 | D:3      | Identified the +0 ring mail "Hero's Friend" {+Inv rC- rCorr
                  | Str+3}
  1711 | D:3      | Noticed ciphuk's ghost (amateur OpBe)
  1746 | D:3      | Found a stormy altar of Qazlal.
  1785 | D:3      | Reached skill level 5 in Axes
  1790 | D:3      | Cast into level 1 of the Abyss (orc)
  1792 | Abyss:1  | Found a corrupted altar of Lugonu.
  1794 | D:3      | Escaped the Abyss
  1838 | D:3      | Found a transporter.
  2055 | D:3      | Found a snail-covered altar of Cheibriados.
  2101 | D:3      | Found a shattered altar of Ashenzari.
  2319 | D:4      | Noticed Blork the orc
  2320 | D:4      | Found a roughly hewn altar of Beogh.
  2337 | D:4      | Killed Blork the orc
  2337 | D:4      | Reached XP level 7. HP: 32/64 MP: 7/7
  2376 | D:4      | Found a radiant altar of Vehumet.
  2388 | D:4      | Reached skill level 5 in Armour
  2498 | D:4      | Reached skill level 5 in Shields
  2624 | D:4      | You fall through a shaft!
  2624 | D:5      | Entered Level 5 of the Dungeon
  2627 | D:5      | Reached skill level 6 in Axes
  2999 | D:5      | Reached XP level 8. HP: 35/73 MP: 8/8
  3132 | D:5      | Reached skill level 7 in Axes
  3209 | D:5      | Reached skill level 5 in Fighting
  3315 | D:5      | Reached skill level 8 in Axes
  3721 | D:6      | Gained mutation: You passively map the area around you.
                  | [Deep Dwarf growth]
  3721 | D:6      | Reached XP level 9. HP: 43/81 MP: 8/8
  3745 | D:6      | Found a blossoming altar of Fedhas.
  3831 | D:6      | Got an ichor-stained chain mail
  3832 | D:6      | Identified the +3 chain mail of Magic {Regen+ Stlth+} (You
                  | found it on level 6 of the Dungeon)
  3847 | D:6      | Found an iron altar of Okawaru.
  4094 | D:6      | Found a burning altar of Makhleb.
  4126 | D:6      | Found a staircase to the Ecumenical Temple.
  4148 | D:6      | Became a worshipper of Makhleb the Destroyer
  4472 | D:7      | Reached skill level 9 in Axes
  4573 | D:7      | Noticed a hellwing
  4574 | D:7      | Noticed a hellwing
  4607 | D:7      | Reached skill level 10 in Axes
  4617 | D:7      | Killed a hellwing
  4617 | D:7      | Reached XP level 10. HP: 57/92 MP: 7/7
  4646 | D:7      | Reached * piety under Makhleb
  4880 | D:7      | Gained mutation: Your mind is acute. (Int +2) [potion of
                  | mutation]
  4880 | D:7      | Gained mutation: You have a pair of small horns on your
                  | head. [potion of mutation]
  4914 | D:7      | Reached skill level 11 in Axes
  5116 | D:8      | Noticed a two-headed ogre
  5126 | D:8      | Demolished by a two-headed ogre

Skill      XL: |  1  2  3  4  5  6  7  8  9 10 |
---------------+-------------------------------+-----
Axes           | 3 4 5 6 8 10 11 | 11.0
Fighting       | 3 4 5 6 7 |  7.0
Armour         | 4 5 6 7 8 |  8.5
Shields        | 4 5 6 7 8 |  8.4
Evocations     | |  0.9

Action                   |  1- 3 |  4- 6 |  7- 9 | 10-12 || total
-------------------------+-------+-------+-------+-------++-------
Melee: War axe           |    87 |   146 |   369 |   135 ||   737
       Headbutt          |       |       |       |     9 ||     9
Throw: Javelin           |    11 |    22 |       |       ||    33
 Abil: Heal Wounds       |       |     4 |     9 |     4 ||    17
Evoke: Wand              |       |       |     3 |       ||     3
  Use: Potion            |       |     1 |     1 |     3 ||     5
       Scroll            |       |       |     1 |       ||     1
  Eat: Chunk             |       |     5 |     8 |     2 ||    15
Armor: Scale mail        |    50 |    53 |       |       ||   103
       Chain mail        |       |    17 |   180 |    29 ||   226
       Plate armour      |       |       |     3 |       ||     3
       Skin              |       |       |       |     3 ||     3
Dodge: Dodged            |    22 |    42 |   135 |    38 ||   237
Block: Shield            |    36 |    87 |   254 |    55 ||   432
